AA NE
AKRON RUBBERDUCKS @ RICHMOND FLYING SQUIRRELS
07/31/2041
 
TOP OF THE 1ST
Akron RubberDucks batting - Pitching for Richmond Flying Squirrels : RHP Oliver Salinas
Pitching: RHP Oliver Salinas
Batting: RHB Bradley Gadsden 0-0: Ball
1-0: Foul Ball, location: 9LSFF
1-1: Ground out 5-3 (Groundball, 5L, EV 85.0 MPH)
Batting: RHB Steve Green 0-0: Foul Ball, location: 2F
0-1: Ball
1-1: Swinging Strike
1-2: Ball
2-2: Foul Ball, location: 2F
2-2: Strikes out looking
Batting: RHB Brendan Rogers 0-0: Ball
1-0: Ball
2-0: Foul Ball, location: 7LSF
2-1: Foul Ball, location: 2F
2-2: Foul Ball, location: 9LMF
2-2: Strikes out looking
Top of the 1st over - 0 runs, 0 hits, 0 errors, 0 left on base; Akron 0 - Richmond 0
BOTTOM OF THE 1ST
Richmond Flying Squirrels batting - Pitching for Akron RubberDucks : RHP Mario Pérez
Pitching: RHP Mario Pérez
Batting: LHB Cris Adaricio 0-0: Ball
1-0: Foul Ball, location: 2F
1-1: Ball
2-1: Foul Ball, location: 7LDF
2-2: Ball
3-2: Fly out, F7 (Flyball, 7, EV 82.5 MPH)
Batting: LHB Jim Unknown 0-0: Swinging Strike
0-1: Swinging Strike
0-2: Ball
1-2: Strikes out looking
Batting: LHB Orlando Peña 0-0: Ball
1-0: Ball
2-0: Swinging Strike
2-1: Foul Ball, location: 25F
2-2: Strikes out swinging
Bottom of the 1st over - 0 runs, 0 hits, 0 errors, 0 left on base; Akron 0 - Richmond 0
TOP OF THE 2ND
Akron RubberDucks batting - Pitching for Richmond Flying Squirrels : RHP Oliver Salinas
Batting: LHB Abel Brown 0-0: Called Strike
0-1: Foul Ball, location: 9LMFF
0-2: Foul Ball, location: 5F
0-2: Strikes out swinging, 2-3 out at first.
Batting: LHB Aurelio Archuleta 0-0: Called Strike
0-1: Ball
1-1: Foul Ball, location: 2F
1-2: Ball
2-2: Foul Ball, location: 5DF
2-2: Ground out 5-3 (Groundball, 56, EV 105.6 MPH)
Batting: LHB Spike Lehman 0-0: Called Strike
0-1: Ball
1-1: Foul Ball, location: 2F
1-2: Ball
2-2: Fly out, F6 (Popup, 6S, EV 74.4 MPH)
Top of the 2nd over - 0 runs, 0 hits, 0 errors, 0 left on base; Akron 0 - Richmond 0
BOTTOM OF THE 2ND
Richmond Flying Squirrels batting - Pitching for Akron RubberDucks : RHP Mario Pérez
Batting: RHB Tim Miller 0-0: Ball
1-0: Ball
2-0: Called Strike
2-1: Ball
3-1: Foul Ball, location: 7LSF
3-2: Ground out 6-3 (Groundball, 6, EV 110.6 MPH)
Batting: RHB Jorge Juárez 0-0: Ball
1-0: Ground out 6-3 (Groundball, 4M, EV 101.9 MPH)
Batting: LHB Pat Holden 0-0: Reached on error, E4 (Groundball, 4, EV 83.1 MPH)
Batting: RHB Jim Unknown 0-0: Foul Ball, location: 2F
0-1: Ball
1-1: Ball
2-1: Called Strike
2-2: Strikes out swinging
Bottom of the 2nd over - 0 runs, 0 hits, 1 error, 1 left on base; Akron 0 - Richmond 0
TOP OF THE 3RD
Akron RubberDucks batting - Pitching for Richmond Flying Squirrels : RHP Oliver Salinas
Batting: LHB Juan Gómes 0-0: Ball
1-0: Foul Ball, location: 2F
1-1: Foul Ball, location: 9LDF
1-2: Ground out 4-3 (Groundball, 4, EV 85.6 MPH)
Batting: RHB Tim Sharpe 0-0: Fly out, F8 (Flyball, 8RM, EV 91.3 MPH)
Batting: RHB Chris Slater 0-0: Ball
1-0: Fly out, F9 (Flyball, 9, EV 90.6 MPH)
Top of the 3rd over - 0 runs, 0 hits, 0 errors, 0 left on base; Akron 0 - Richmond 0
BOTTOM OF THE 3RD
Richmond Flying Squirrels batting - Pitching for Akron RubberDucks : RHP Mario Pérez
Batting: LHB José Mendoza 0-0: Called Strike
0-1: Ball
1-1: Ground out 4-3 (Groundball, 4, EV 100.6 MPH)
Batting: RHB Jim Unknown 0-0: Called Strike
0-1: Ground out 6-3 (Groundball, 6, EV 91.9 MPH)
Batting: LHB Cris Adaricio 0-0: Called Strike
0-1: Ball
1-1: Ground out 4-3 (Groundball, 4, EV 99.4 MPH)
Bottom of the 3rd over - 0 runs, 0 hits, 0 errors, 0 left on base; Akron 0 - Richmond 0
TOP OF THE 4TH
Akron RubberDucks batting - Pitching for Richmond Flying Squirrels : RHP Oliver Salinas
Batting: RHB Bradley Gadsden 0-0: SINGLE (Groundball, 6MD, EV 96.9 MPH)
Batting: RHB Steve Green 0-0: Sac Bunt to P - play at first, batter OUT! 1-3
Bradley Gadsden to second
Batting: RHB Brendan Rogers 0-0: Called Strike
0-1: Ball
1-1: Ground out 1-3 (Groundball, 13S, EV 65.6 MPH)
Bradley Gadsden to third
Batting: LHB Abel Brown 0-0: Called Strike
0-1: Ball
1-1: Ball
2-1: Ground out 4-3 (Groundball, 4, EV 110.0 MPH)
Top of the 4th over - 0 runs, 1 hit, 0 errors, 1 left on base; Akron 0 - Richmond 0
BOTTOM OF THE 4TH
Richmond Flying Squirrels batting - Pitching for Akron RubberDucks : RHP Mario Pérez
Batting: LHB Jim Unknown 0-0: Swinging Strike
0-1: SINGLE (Groundball, 34D, EV 95.0 MPH)
Batting: LHB Orlando Peña 0-0: Foul Ball, location: 23F
0-1: Foul Ball, location: 9LDF
0-2: Ball
1-2: Foul Ball, location: 9LMF
1-2: Ball
2-2: Fly out, F7 (Flyball, 7D, EV 106.3 MPH)
Batting: RHB Tim Miller 0-0: Ball
Jim Unknown steals 2nd base
1-0: Foul Ball, location: 9LMF
1-1: Foul Ball, location: 5F
1-2: DOUBLE (Line Drive, 9LM, EV 88.1 MPH)
Jim Unknown scores
Batting: RHB Jorge Juárez 0-0: Ball
1-0: SINGLE (Flyball, 3D, EV 90.0 MPH)
Tim Miller to third
Batting: LHB Pat Holden 0-0: Called Strike
0-1: Ball
1-1: Ball
2-1: SINGLE (Groundball, 34D, EV 101.3 MPH)
Tim Miller scores
Jorge Juárez to second
Runner from 2nd tries for 3rd, SAFE, throw by RF made to third
Batting: RHB Jim Unknown 0-0: Foul Ball, location: 5F
0-1: Called Strike
0-2: Ball
1-2: Ball
2-2: Ball
3-2: Foul Ball, location: 2F
3-2: Foul Ball, location: 23FF
3-2: Strikes out looking
Batting: LHB José Mendoza 0-0: Ball
1-0: Foul Ball, location: 23F
1-1: Ground out 1-3 (Groundball, 15, EV 75.6 MPH)
Bottom of the 4th over - 2 runs, 4 hits, 0 errors, 2 left on base; Akron 0 - Richmond 2
TOP OF THE 5TH
Akron RubberDucks batting - Pitching for Richmond Flying Squirrels : RHP Oliver Salinas
Batting: LHB Aurelio Archuleta 0-0: Ball
1-0: Fly out, F9 (Flyball, 9S, EV 88.1 MPH)
Pitching: LHP Stan Marshall
Batting: LHB Spike Lehman 0-0: Ball
1-0: Ball
2-0: Foul Ball, location: 5DF
2-1: Called Strike
2-2: Strikes out looking
Batting: LHB Juan Gómes 0-0: Called Strike
0-1: Ball
1-1: Ball
2-1: Foul Ball, location: 7LMF
2-2: Foul Ball, location: 9LDF
2-2: Ground out U3 (Groundball, 3, EV 106.9 MPH)
Top of the 5th over - 0 runs, 0 hits, 0 errors, 0 left on base; Akron 0 - Richmond 2
BOTTOM OF THE 5TH
Richmond Flying Squirrels batting - Pitching for Akron RubberDucks : RHP Mario Pérez
Batting: RHB Jim Unknown 0-0: Ball
1-0: Called Strike
1-1: Ball
2-1: Ball
3-1: Called Strike
3-2: Foul Ball, location: 2F
3-2: Strikes out looking
Batting: LHB Cris Adaricio 0-0: Ball
1-0: Foul Ball, location: 2F
1-1: Ball
2-1: Foul Ball, location: 7LMF
2-2: Strikes out swinging
Batting: LHB Jim Unknown 0-0: Ball
1-0: Called Strike
1-1: Ball
2-1: SOLO HOME RUN (Flyball, 7D, EV 97.5 MPH), Distance : 366 ft
Batting: LHB Orlando Peña 0-0: Fly out, F7 (Line Drive, 7S, EV 98.1 MPH)
Bottom of the 5th over - 1 run, 1 hit, 0 errors, 0 left on base; Akron 0 - Richmond 3
TOP OF THE 6TH
Akron RubberDucks batting - Pitching for Richmond Flying Squirrels : LHP Stan Marshall
Batting: RHB Tim Sharpe 0-0: Ball
1-0: Foul Ball, location: 2F
1-1: Ball
2-1: Ground out 5-3 (Groundball, 5L, EV 71.3 MPH)
Batting: RHB Chris Slater 0-0: Ball
1-0: Ball
2-0: Ball
3-0: Base on Balls
Batting: RHB Bradley Gadsden 0-0: Called Strike
0-1: Foul Ball, location: 9LSF
0-2: Ball
1-2: Ball
2-2: Foul Ball, location: 2F
2-2: Fielders Choice at 2nd, 6-4 (Groundball, 6, EV 98.8 MPH)
Batting: RHB Steve Green 0-0: Foul Ball, location: 3F
0-1: Swinging Strike
0-2: Strikes out swinging, 2-3 out at first.
Top of the 6th over - 0 runs, 0 hits, 0 errors, 1 left on base; Akron 0 - Richmond 3
BOTTOM OF THE 6TH
Richmond Flying Squirrels batting - Pitching for Akron RubberDucks : RHP Mario Pérez
Batting: RHB Tim Miller 0-0: Ball
1-0: Ball
2-0: Ball
3-0: Foul Ball, location: 3F
3-1: Foul Ball, location: 2F
3-2: Foul Ball, location: 2F
3-2: Foul Ball, location: 5F
3-2: SINGLE (Line Drive, 9LM, EV 103.1 MPH)
Pitching: RHP Juan Colón
Batting: RHB Jorge Juárez 0-0: Fly out, F7 (Flyball, 78M, EV 95.6 MPH)
Batting: LHB Pat Holden 0-0: Called Strike
0-1: Called Strike
0-2: Ball
1-2: Strikes out swinging
Batting: RHB Jim Unknown 0-0: Foul Ball, location: 2F
0-1: Fly out, F8 (Flyball, 78XD, EV 101.3 MPH)
Bottom of the 6th over - 0 runs, 1 hit, 0 errors, 1 left on base; Akron 0 - Richmond 3
TOP OF THE 7TH
Akron RubberDucks batting - Pitching for Richmond Flying Squirrels : LHP Stan Marshall
Batting: RHB Brendan Rogers 0-0: Ball
1-0: Foul Ball, location: 23F
1-1: Swinging Strike
1-2: Strikes out swinging
Batting: LHB Abel Brown 0-0: Called Strike
0-1: Fly out, F8 (Flyball, 8LD, EV 94.4 MPH)
Batting: LHB Aurelio Archuleta 0-0: Ball
1-0: Ball
2-0: Fly out, F9 (Flyball, 9D, EV 108.1 MPH)
Top of the 7th over - 0 runs, 0 hits, 0 errors, 0 left on base; Akron 0 - Richmond 3
BOTTOM OF THE 7TH
Richmond Flying Squirrels batting - Pitching for Akron RubberDucks : RHP Juan Colón
Batting: LHB José Mendoza 0-0: Ball
1-0: Foul Ball, location: 3F
1-1: Called Strike
1-2: Strikes out swinging
Batting: LHB Jim Unknown 0-0: Called Strike
0-1: Swinging Strike
0-2: Ball
1-2: Strikes out swinging, 2-3 out at first.
Batting: LHB Cris Adaricio 0-0: Ball
1-0: Ball
2-0: Ball
3-0: Base on Balls
Batting: LHB Jim Unknown 0-0: Ball
1-0: Called Strike
1-1: Ball
2-1: Ball
3-1: Base on Balls
Cris Adaricio to second
Batting: LHB Orlando Peña 0-0: Called Strike
0-1: Called Strike
0-2: Ball
1-2: Ball
2-2: Foul Ball, location: 5SF
2-2: Strikes out swinging
Bottom of the 7th over - 0 runs, 0 hits, 0 errors, 2 left on base; Akron 0 - Richmond 3
TOP OF THE 8TH
Akron RubberDucks batting - Pitching for Richmond Flying Squirrels : LHP Stan Marshall
Now at C: José Mendoza
Now at 2B: Jorge Juárez
Now at SS: Jim Unknown
Pinch Hitting: RHB Mike Trujillo 0-0: Ball
1-0: Ball
2-0: Foul Ball, location: 25F
2-1: Called Strike
2-2: Strikes out swinging
Pinch Hitting: RHB Chris Reynolds 0-0: Called Strike
0-1: SINGLE (Line Drive, 6D, EV 106.3 MPH)
Batting: RHB Tim Sharpe 0-0: Ball
1-0: Ground out 6-3 (Groundball, 6S, EV 68.8 MPH)
Chris Reynolds to second
Pitching: LHP Jim Unknown
Batting: RHB Chris Slater 0-0: Fly out, F2 (Popup, 2LF, EV 93.8 MPH)
Top of the 8th over - 0 runs, 1 hit, 0 errors, 1 left on base; Akron 0 - Richmond 3
BOTTOM OF THE 8TH
Richmond Flying Squirrels batting - Pitching for Akron RubberDucks : RHP Juan Colón
Now at 1B: Mike Trujillo
Now at SS: Aurelio Archuleta
Now in RF: Tony Morris
Batting: RHB Jim Unknown 0-0: Called Strike
0-1: Foul Ball, location: 2F
0-2: Ground out 5-3 (Groundball, 56S, EV 91.3 MPH)
Batting: RHB Jorge Juárez 0-0: Ground out 6-3 (Groundball, 6, EV 86.9 MPH)
Batting: LHB Pat Holden 0-0: Called Strike
0-1: Foul Ball, location: 5FF
0-2: Ball
1-2: Ball
2-2: Ball
3-2: Base on Balls
Batting: RHB Jim Unknown 0-0: Called Strike
0-1: Ball
1-1: Fly out, F4 (Popup, 34, EV 54.4 MPH)
Bottom of the 8th over - 0 runs, 0 hits, 0 errors, 1 left on base; Akron 0 - Richmond 3
TOP OF THE 9TH
Akron RubberDucks batting - Pitching for Richmond Flying Squirrels : LHP Jim Unknown
Batting: RHB Bradley Gadsden 0-0: Foul Ball, location: 2LF
0-1: Ball
1-1: SINGLE (Groundball, 34D, EV 97.5 MPH)
Batting: RHB Steve Green 0-0: Ball
1-0: Foul Ball, location: 2F
1-1: Foul Ball, location: 2F
1-2: Foul Ball, location: 3DF
1-2: Foul Ball, location: 9LMF
1-2: Ball
2-2: Ball
3-2: Foul Ball, location: 7LMF
3-2: Foul Ball, location: 5DF
3-2: Strikes out swinging
Bradley Gadsden is caught stealing 2nd base 2-4
Batter strikes out.
Batting: RHB Brendan Rogers 0-0: Swinging Strike
0-1: Swinging Strike
0-2: Strikes out swinging
Top of the 9th over - 0 runs, 1 hit, 0 errors, 0 left on base; Akron 0 - Richmond 3
Monday, April 1st , 2024 - OOTP Baseball 24.10 Build 82